 Dungeon Crawl Stone Soup version 0.23.2-33-g5129a83184 (webtiles) character file.

Game seed: 1922393751721424824

1611 H0rd4k the Thaumaturge (level 8, -2/42 HPs)
             Began as a Deep Elf Wizard on July 11, 2019.
             Killed from afar by an orc wizard (11 damage)
             ... with a puff of flame
             ... on level 6 of the Dungeon.
             The game lasted 00:17:30 (6399 turns).

H0rd4k the Thaumaturge (Deep Elf Wizard)            Turns: 6399, Time: 00:17:31

Health: -2/42      AC:  2    Str:  4    XL:     8   Next: 63%
Magic:  16/24      EV: 14    Int: 26    God:
Gold:   441        SH:  0    Dex: 13    Spells: 22/28 levels left

rFire    . . .     SeeInvis .   (no weapon)
rCold    . . .     Gourm    .   (no shield)
rNeg     . . .     Faith    .   u - +0 robe (curse)
rPois    .         Spirit   .   b - +0 hat
rElec    .         Reflect  .   t - scarf {cloud immunity}
rCorr    .         Harm     .   (no gloves)
MR       .....                  (no boots)
Stlth    +++.......             (no amulet)
HPRegen  0.14/turn              (no ring)
MPRegen  0.19/turn              (no ring)

@: no status effects
A: no striking features
a: no special abilities


You were on level 6 of the Dungeon.
You were not hungry.

You visited 1 branch of the dungeon, and saw 8 of its levels.

You collected 441 gold pieces.

Inventory:

Hand Weapons
 w - a +0 short sword of holy wrath
Armour
 a - a +0 robe
 b - a +0 hat (worn)
 t - a scarf of cloud immunity (worn)
 u - a cursed +0 robe (worn)
Wands
 s - a wand of random effects (10)
Scrolls
 e - a scroll of blinking {unknown}
 f - a scroll of enchant armour {unknown}
 g - 2 scrolls of remove curse
 k - 2 scrolls of fog
 m - a scroll of enchant weapon {unknown}
 n - 2 scrolls of teleportation {unknown}
 o - 3 scrolls of magic mapping {unknown}
 q - 3 scrolls of immolation
Potions
 c - a potion of might {unknown}
 h - a potion of invisibility {unknown}
 i - 2 potions of heal wounds
 j - a potion of brilliance
 l - a potion of curing
 p - 2 potions of haste
 r - a potion of degeneration
Comestibles
 d - 8 rations
 v - 2 chunks of flesh


   Skills:
 - Level 0.3 Fighting
 + Level 3.8 Dodging
 + Level 4.0 Stealth
 + Level 10.5 Spellcasting
 + Level 6.7 Conjurations
   Level 1.1 Summonings
 + Level 2.2 Translocations
 + Level 3.0 Fire Magic
 + Level 0.1 Evocations


You had 22 spell levels left.
You knew the following spells:

 Your Spells              Type           Power        Failure   Level  Hunger
a - Magic Dart            Conj           ####         1%          1    None
b - Blink                 Tloc           N/A          2%          2    None
c - Conjure Flame         Conj/Fire      #####...     1%          3    None

Your spell library contained the following spells:

 Spells                   Type           Power        Failure   Level  Hunger
 Throw Frost              Conj/Ice       ####..       1%          2    None
 Freeze                   Ice            ##..         4%          1    None
 Call Imp                 Summ           ###.....     4%          2    None
 Mephitic Cloud           Conj/Pois/Air  ####....     5%          3    None
 Slow                     Hex            ##......     7%          2    None
 Throw Icicle             Conj/Ice       ####....     11%         4    None
 Ozocubu's Armour         Chrm/Ice       ##......     13%         3    None
 Summon Ice Beast         Ice/Summ       ###.....     34%         4    None


Dungeon Overview and Level Annotations

Branches:
Dungeon (8/15)
 Temple: D:4-7         Lair: D:8-11

Altars:
Ashenzari

Annotations:
D:2 exclusion: downstairs
D:3 exclusion: 2 downstairs
D:4 exclusion: downstairs, Sigmund
D:6 exclusion: centaur
D:7 exclusion: downstairs


Message History

The orc wizard points at you and mumbles some strange words.
The magic dart hits you!
* * * LOW HITPOINT WARNING * * *
Evoke which item? (* to show all) (? for menu, Esc to quit)
Aiming: Random Effects
Press: ? - help, Shift-Dir - straight line, f/p - orc wizard
Aim: an orc wizard, wielding a +0 club and wearing a +0 robe (heavily wounded, fast)
The orc wizard flickers and vanishes!
Deactivating autopickup; reactivate with Ctrl-A.
Something barely misses you.
Casting: Magic Dart (safe; 1% risk of failure)
Confirm with . or Enter, or press ? or * to list all spells.
You blink.
Casting: Blink (safe; 2% risk of failure)
Confirm with . or Enter, or press ? or * to list all spells.
You blink.
You hear a zap.
You hear a grinding noise.
A puff of flame appears from out of thin air!
The puff of flame hits you!
You die...

..##.........##
#.............##
.......#.#>....#####
#....#.###........ .
#...###........
#.......#..#........
#......###.........)
..##...... #..........
.....#.......###@.####....
............##...## ...
............#....# a.
................## .
................#
...........o...##
................#
..^...†<...#.......
###.....).#........#


You could see an orc.

Vanquished Creatures
  An ice beast (D:5)
  An orc warrior (D:5)
  A sky beast (D:5)
  A phantom (D:6)
  3 ogres
  2 bullfrogs (D:8)
  2 scorpions
  A howler monkey (D:5)
  A crimson imp (D:8)
  A bullfrog zombie (D:7)
  A hound (D:6)
  2 orc priests (D:4)
  4 orc wizards
  A centaur skeleton (D:5)
  An iguana (D:8)
  5 worker ants
  A killer bee zombie (D:8)
  A hound zombie (D:2)
  A hound skeleton (D:8)
  A worker ant zombie (D:6)
  6 adders
  4 gnolls (D:3)
  3 shadow imps
  An ooze (D:2)
  An adder zombie (D:5)
  6 adder skeletons
  2 leopard geckos
  7 orcs
  2 bat skeletons (D:2)
  A bat zombie (D:2)
  10 giant cockroaches
  10 goblins
  2 hobgoblins (D:3)
  20 jackals
  A quokka (D:2)
  A ball python zombie (D:2)
  6 bats
  5 frilled lizards
  A jackal skeleton (D:8)
  4 kobolds
  A leopard gecko zombie (D:2)
  A quokka skeleton (D:2)
  9 rats
136 creatures vanquished.

Notes
Turn   | Place    | Note
-------+----------+-------------------------------------------
     0 | D:1      | H0rd4k the Deep Elf Wizard began the quest for the Orb.
     0 | D:1      | Reached XP level 1. HP: 10/10 MP: 7/7
   383 | D:1      | Reached XP level 2. HP: 15/15 MP: 3/9
   740 | D:2      | Reached skill level 5 in Spellcasting
  1032 | D:2      | Found a shattered altar of Ashenzari.
  1034 | D:2      | Reached XP level 3. HP: 20/20 MP: 8/11
  1038 | D:2      | Learned a level 2 spell: Blink
  1042 | D:2      | Learned a level 3 spell: Conjure Flame
  1534 | D:2      | Reached XP level 4. HP: 24/24 MP: 4/13
  1768 | D:2      | Reached skill level 1 in Fire Magic
  2039 | D:3      | Reached skill level 6 in Spellcasting
  2136 | D:3      | Reached XP level 5. HP: 20/28 MP: 7/15
  2840 | D:4      | Noticed an ogre
  2964 | D:4      | Noticed an ogre
  2973 | D:4      | Killed an ogre
  2973 | D:4      | Reached XP level 6. HP: 19/33 MP: 8/17
  3161 | D:4      | Reached skill level 7 in Spellcasting
  3584 | D:3      | Reached XP level 7. HP: 37/37 MP: 0/20
  3737 | D:4      | Noticed Sigmund
  3759 | D:5      | Entered Level 5 of the Dungeon
  4101 | D:6      | Reached skill level 8 in Spellcasting
  4385 | D:5      | You fall through a shaft for 3 floors!
  4400 | D:8      | Reached skill level 5 in Conjurations
  4508 | D:8      | Noticed a two-headed ogre
  4919 | D:8      | Reached skill level 9 in Spellcasting
  5007 | D:8      | Noticed a yak
  5009 | D:8      | Noticed an elephant
  5308 | D:7      | Reached XP level 8. HP: 42/42 MP: 6/23
  6005 | D:5      | Reached skill level 10 in Spellcasting
  6399 | D:6      | Killed from afar by an orc wizard

Skill      XL: |  1  2  3  4  5  6  7  8 |
---------------+-------------------------+-----
Spellcasting   | 5 6 7 9 10 | 10.5
Conjurations   | 2 3 4 5 6 |  6.7
Fire Magic     | 1 2 3 |  3.0
Dodging        | 3 |  3.8
Stealth        | 3 4 |  4.0
Translocations | 2 |  2.2
Fighting       | |  0.3
Summonings     | |  1.1
Evocations     | |  0.1

Action                   |  1- 3 |  4- 6 |  7- 9 || total
-------------------------+-------+-------+-------++-------
 Cast: Magic Dart        |   110 |   159 |   201 ||   470
       Conjure Flame     |     1 |     3 |    16 ||    20
       Blink             |       |     5 |     7 ||    12
Evoke: Wand              |       |       |     8 ||     8
  Use: Potion            |       |     1 |       ||     1
       Scroll            |       |       |     7 ||     7
  Eat: Chunk             |     2 |     6 |     3 ||    11
       Ration            |       |       |     2 ||     2
Armor: Robe              |     2 |     3 |     7 ||    12
Dodge: Dodged            |    20 |    24 |    52 ||    96
